Map: Lerilak Crest

Players

Decay - Winner!

  • Race: Zerg Zerg
  • League: Platinum

LilDicky

  • Race: Terran Terran
  • League: Diamond

VOD

http://www.twitch.tv/tumescentpie

Description

Time

  • Played on: Nov. 27, 2015, 1:23 a.m.
  • Length: 1:26
Show
View Real Time Build Order
Export as new Build Order

Decay Zerg - Winner!

Build Orders: Pool First 

Get SALT Encoding   

  12  0:01  Drone  
  13  0:08  Drone  
  14  0:16  Overlord  
  14  0:24  Extractor  
  14  0:26  Drone, Extractor  
  13  0:29  Drone  
  16  0:37  Drone  
  17  0:47  Spawning Pool  
  16  0:50  Drone  
  17  1:15  Hatchery  
  16  1:24  Extractor  
Show
View Real Time Build Order
Export as new Build Order

LilDicky Terran 

Build Orders:  

Get SALT Encoding   

  12  0:03  SCV  
  13  0:15  SCV  
  14  0:24  Supply Depot  
  14  0:27  SCV  
  15  0:31  Refinery  
  15  0:45  SCV  
  16  0:51  Barracks  
  16  0:58  SCV  
  17  1:10  SCV  
Tags
 
Add a new tag
Caveats
  • Supply blocks, unpowered buildings, or Contaminate may cause inaccurate times.
  • Supply counts are checked every 10 seconds.